 Dungeon Crawl Stone Soup version 0.26-a0-682-g294304f6e8 (webtiles) character file.

Game seed: 7250479889575059979

(classic levelgen) 163 EnegeticOcto the Digger (level 5, 0/31 HPs)
             Began as a Halfling Earth Elementalist on Oct 20, 2020.
             Succumbed to a kobold's poison
             ... on level 3 of the Dungeon.
             The game lasted 00:06:06 (834 turns).

EnegeticOcto the Digger (HaEE)                       Turns: 834, Time: 00:06:06

Health: 0/31       AC:  5    Str:  9    XL:     5   Next: 72%
Magic:  7/16       EV: 15    Int: 10    God:
Gold:   90         SH:  0    Dex: 15    Spells: 4/7 levels left

rFire    + + +     SeeInvis .   e - +9 dagger "Poug" {vorpal, rF++ MP+9 Int-4}
rCold    + . .     Faith    .   (shield restricted)
rNeg     . . .     Spirit   .   c - +0 robe
rPois    +         Reflect  .   (no helmet)
rElec    +         Harm     .   (no cloak)
rCorr    +         Rampage  .   m - +2 pair of gloves
MR       .....                  (no boots)
Stlth    ++........             (no amulet)
HPRegen  0.10/turn              (no ring)
MPRegen  0.15/turn              (no ring)

@: lethally poisoned (0 -> -23), resistant
A: small, mutation resistance 1
a: no special abilities


You were on level 3 of the Dungeon.
You visited 1 branch of the dungeon, and saw 4 of its levels.

You collected 90 gold pieces.

Inventory:

Hand Weapons
 a - a +0 hand axe
 e - the +9 dagger "Poug" (weapon) {vorpal, rF++ MP+9 Int-4}
   (You found it on level 4 of the Dungeon)

   It inflicts extra damage upon your enemies.
   It affects your intelligence (-4).
   It greatly protects you from fire.
   It affects your magic capacity (+9).
 i - a +0 flail
Missiles
 b - 44 stones (quivered)
 l - 8 atropa-tipped darts
Armour
 c - a +0 robe (worn)
 m - a +2 pair of gloves (worn)
Scrolls
 f - a scroll of enchant weapon
 g - a scroll of identify {@r1}
 k - 4 scrolls of remove curse {@r2}
Potions
 j - a potion of resistance


   Skills:
 + Level 1.9 Short Blades
 - Level 2.1 Dodging
 - Level 2.1 Stealth
 - Level 1.5 Spellcasting
 - Level 0.5 Transmutations
 + Level 5.6 Earth Magic


You had 4 spell levels left.
You knew the following spells:

 Your Spells              Type           Power        Failure   Level
a - Sandblast             Erth           ##....       3%          1
p - Passwall              Tmut/Erth      #.......     14%         2

Your spell library contained the following spells:

 Spells                   Type           Power        Failure   Level
 Stone Arrow              Conj/Erth      #.....       30%         3
 Petrify                  Tmut/Erth      #.......     67%         4
 Lee's Rapid Deconstruct  Erth           ##........   65%         5


Dungeon Overview and Level Annotations

Branches:
Dungeon (4/15)
 Temple: D:4-7

Altars:


Innate Abilities, Weirdness & Mutations

You are small and have problems with some larger weapons.
You are somewhat resistant to further mutation.


Message History

Aiming: Sandblast (safe; 3% risk of failure)
Press: ? - help, Shift-Dir - straight line, f/p - gnoll
Aim: a gnoll, wielding a +0 whip The blast of sand hits the gnoll.
The gnoll is moderately wounded.
b - 53 stones The gnoll closely misses you.
Casting: Sandblast (safe; 3% risk of failure)
Confirm with . or Enter, or press ? or * to list all spells.
Aiming: Sandblast (safe; 3% risk of failure)
Press: ? - help, Shift-Dir - straight line, f/p - gnoll
Aim: a gnoll, wielding a +0 whip (moderately wounded)
The blast of sand hits the gnoll.
The gnoll is moderately wounded.
b - 52 stones The gnoll barely misses you.
Found a scroll of identify.
Casting: Sandblast (safe; 3% risk of failure)
Confirm with . or Enter, or press ? or * to list all spells.
Aiming: Sandblast (safe; 3% risk of failure)
Press: ? - help, Shift-Dir - straight line, f/p - gnoll
Aim: a gnoll, wielding a +0 whip (moderately wounded)
The blast of sand hits the gnoll!
The gnoll is almost dead.
b - 51 stones The gnoll barely misses you.
Casting: Sandblast (safe; 3% risk of failure)
Confirm with . or Enter, or press ? or * to list all spells.
Aiming: Sandblast (safe; 3% risk of failure)
Press: ? - help, Shift-Dir - straight line, f/p - gnoll
Aim: a gnoll, wielding a +0 whip (almost dead)
The blast of sand misses the gnoll.
b - 50 stones The gnoll hits you with a +0 whip.
Casting: Sandblast (safe; 3% risk of failure)
Confirm with . or Enter, or press ? or * to list all spells.
Aiming: Sandblast (safe; 3% risk of failure)
Press: ? - help, Shift-Dir - straight line, f/p - gnoll
Aim: a gnoll, wielding a +0 whip (almost dead)
The blast of sand misses the gnoll.
b - 49 stones The gnoll misses you.
Casting: Sandblast (safe; 3% risk of failure)
Confirm with . or Enter, or press ? or * to list all spells.
Aiming: Sandblast (safe; 3% risk of failure)
Press: ? - help, Shift-Dir - straight line, f/p - gnoll
Aim: a gnoll, wielding a +0 whip (almost dead)
The blast of sand misses the gnoll.
b - 48 stones The gnoll hits you with a +0 whip.
* * * LOW HITPOINT WARNING * * *
Casting: Sandblast (safe; 3% risk of failure)
Confirm with . or Enter, or press ? or * to list all spells.
Aiming: Sandblast (safe; 3% risk of failure)
Press: ? - help, Shift-Dir - straight line, f/p - gnoll
Aim: a gnoll, wielding a +0 whip (almost dead)
The blast of sand hits the gnoll.
You kill the gnoll!
b - 47 stones The kobold throws a poisoned dart.
The poisoned dart hits you!
You are lethally poisoned!
* * * LOW HITPOINT WARNING * * *
You feel sick.
Casting: Sandblast (safe; 3% risk of failure)
Confirm with . or Enter, or press ? or * to list all spells.
Aiming: Sandblast (safe; 3% risk of failure)
Press: ? - help, Shift-Dir - straight line, f - kobold
Aim: a kobold, wielding a +0 short sword and quivering 4 poisoned darts The blast of sand misses the kobold.
b - 46 stones
* * * LOW HITPOINT WARNING * * *
You feel sick.
The kobold throws a poisoned dart.
The poisoned dart hits you!
You are more poisoned.
Casting: Sandblast (safe; 3% risk of failure)
Confirm with . or Enter, or press ? or * to list all spells.
Aiming: Sandblast (safe; 3% risk of failure)
Press: ? - help, Shift-Dir - straight line, f/p - kobold
Aim: a kobold, wielding a +0 short sword and quivering 3 poisoned darts The blast of sand hits the kobold.
The kobold is severely wounded.
b - 45 stones
* * * LOW HITPOINT WARNING * * *
You feel sick.
The kobold throws a poisoned dart.
The poisoned dart hits you!
You are more poisoned.
Casting: Sandblast (safe; 3% risk of failure)
Confirm with . or Enter, or press ? or * to list all spells.
Aiming: Sandblast (safe; 3% risk of failure)
Press: ? - help, Shift-Dir - straight line, f/p - kobold
Aim: a kobold, wielding a +0 short sword and quivering 2 poisoned darts (severely wounded)
The blast of sand hits the kobold.
You kill the kobold!
b - 44 stones
* * * LOW HITPOINT WARNING * * *
You feel sick.
Okay, then.
You feel protected.
* * * LOW HITPOINT WARNING * * *
You feel sick.
Unknown command.
You die...

#..#
###..##########
#.....>.......# #
#.#..##.......#
#[##$#K.##.......#
#.....w..........#
###..####(........
#..).##(.......#
#)##@##.>......#
#.w(..........##
####.####..#..#
#.# .## ..# #.# ##
.. #.# #?# #.# .#


You could see a worm.

Vanquished Creatures
  An iguana (D:4)
  An orc wizard (D:4)
  2 worker ants (D:4)
  A gnoll (D:3)
  An adder (D:2)
  A dart slug (D:1)
  2 leopard geckos (D:4)
  4 orcs (D:4)
  3 bats
  3 giant cockroaches
  6 goblins
  5 hobgoblins
  A kobold (D:3)
  2 quokkas
  3 frilled lizards
  3 rats
39 creatures vanquished.

Vanquished Creatures (others)
  2 plants (D:4)
2 creatures vanquished.

Grand Total: 41 creatures vanquished

Notes
Turn   | Place    | Note
-------+----------+-------------------------------------------
     0 | D:1      | EnegeticOcto the Halfling Earth Elementalist began the
                  | quest for the Orb.
     0 | D:1      | Reached XP level 1. HP: 11/11 MP: 3/3
    71 | D:1      | Reached XP level 2. HP: 14/17 MP: 4/4
   286 | D:2      | Learned a level 2 spell: Passwall
   361 | D:2      | Reached skill level 4 in Earth Magic
   361 | D:2      | Reached XP level 3. HP: 16/21 MP: 3/5
   645 | D:4      | Reached XP level 4. HP: 3/27 MP: 0/6
   653 | D:4      | Reached skill level 5 in Earth Magic
   666 | D:4      | Got a fine dagger
   666 | D:4      | Identified the +9 dagger "Poug" {vorpal, rF++ MP+9 Int-4}
                  | (You found it on level 4 of the Dungeon)
   688 | D:4      | Reached XP level 5. HP: 18/31 MP: 6/7
   724 | D:4      | Reached skill level 1 in Short Blades
   834 | D:3      | Succumbed to a kobold's poison

Illustrated notes

Levels and vault maps discovered:
D:1:      dpeg_arrival_shelter, layout_basic
D:2:      layout_basic, okawaru_metal_pillars_3
D:3:      layout_loops_cross, lemuel_coloured_pillars_altar
D:4:      layout_basic, serial_shops, nicolae_shop_overgrown_old_shop

Skill      XL: |  1  2  3  4  5 |
---------------+----------------+-----
Earth Magic    | 4 5 |  5.6
Short Blades   | 1 |  1.9
Dodging        | |  2.1
Stealth        | |  2.1
Spellcasting   | |  1.5
Transmutations | |  0.5

Action                   |  1- 3 |  4- 6 || total
-------------------------+-------+-------++-------
Melee: Hand axe          |    51 |     6 ||    57
       Dagger            |       |    17 ||    17
 Cast: Sandblast         |    21 |    18 ||    39
       Passwall          |     1 |       ||     1
  Use: Scroll            |     6 |     1 ||     7
       Potion            |     1 |     4 ||     5
Armor: Robe              |    17 |     5 ||    22
Dodge: Dodged            |    58 |    25 ||    83

Table legend: (Time is in decaauts)
 A = Elapsed time spent in this place.
 B = Non-inter-level travel time spent in this place.
 C = Inter-level travel time spent in this place.
 D = Time resting spent in this place.
 E = Time spent auto-exploring this place.
 F = Levels seen in this place.
 G = Mean time per level.
                   A        B        C        D        E       F      G
               +--------+--------+--------+--------+--------+-----+--------+
         Total |    851 |    838 |     13 |      0 |      0 |   4 |  212.8 |
       Dungeon |    851 |    838 |     13 |      0 |      0 |   4 |  212.8 |
               +--------+--------+--------+--------+--------+-----+--------+

Top non-repeatable levels by time:
     D:2: 323 daAuts
     D:1: 207 daAuts
     D:4: 207 daAuts
     D:3: 113 daAuts
